 Dungeon Crawl Stone Soup version 0.27.1-34-g3ba077fa99 (webtiles) character file.

Game seed: 15463683293706967040

27 alasdair19 the Covered (level 2, 0/27 HPs)
             Began as a Minotaur Fighter on Jan 15, 2022.
             Killed from afar by a dart slug (3 damage)
             ... with a slug dart
             ... on level 2 of the Dungeon.
             The game lasted 00:05:17 (1064 turns).

alasdair19 the Covered (Minotaur Fighter)           Turns: 1064, Time: 00:05:20

Health: 0/27       AC:  9    Str: 20    XL:     2   Next: 93%
Magic:  1/1        EV:  7    Int:  5    God:
Gold:   120        SH:  9    Dex:  9    Spells: 1/1 levels left

rFire    . . .     SeeInvis .   a - +0 long sword
rCold    . . .     Faith    .   c - +0 kite shield
rNeg     . . .     Spirit   .   b - +0 scale mail
rPois    .         Reflect  .   (helmet restricted)
rElec    .         Harm     .   (no cloak)
rCorr    .         Rampage  .   h - +1 pair of gloves
Will     .....                  (no boots)
Stlth    ..........             (no amulet)
HPRegen  0.09/turn              (no ring)
MPRegen  0.07/turn              (no ring)

@: no status effects
A: horns 2, retaliatory headbutt
a: no special abilities


You were on level 2 of the Dungeon.
You visited 1 branch of the dungeon, and saw 2 of its levels.

You collected 120 gold pieces.

Inventory:

Hand Weapons
 a - a +0 long sword (weapon)
Armour
 b - a +0 scale mail (worn)
 c - a +0 kite shield (worn)
 h - a +1 pair of gloves (worn)
Magical Staves
 j - a staff of earth
Scrolls
 f - a scroll of magic mapping {unknown}
 g - a scroll of fear {unknown}
 i - a scroll of enchant armour {unknown}
Potions
 d - 2 potions of might


   Skills:
 + Level 4.0 Fighting
 + Level 2.7 Long Blades
 + Level 4.2 Armour
 + Level 4.0 Shields


You had one spell level left.
You didn't know any spells.
Your spell library was empty.

Dungeon Overview and Level Annotations

Branches:
Dungeon (2/15)

Altars:

Annotations:
D:2 Sigmund


Innate Abilities, Weirdness & Mutations

You have a pair of horns on your head.
You reflexively headbutt those who attack you in melee.


Message History

The dart slug is lightly wounded.
The adder barely misses you.
You riposte.
You miss the adder. Your headbutt misses the adder.
The adder is severely wounded.
You block the rat's attack. You block the adder's attack.
The dart slug bites you but does no damage. x2
Something hits you but does no damage.
You hit the adder.
You kill the adder!
The rat bites you but does no damage. You block the dart slug's attack.
You block the rat's attack. The dart slug barely misses you.
You furiously retaliate!
You headbutt the dart slug. Something hits you!
Your Fighting skill increases to level 4!
Your Shields skill increases to level 4!
Unknown command.
You block the rat's attack.
You see here an adder corpse.
You slash something! Something hits you.
* * * LOW HITPOINT WARNING * * *
You block the dart slug's attack. The rat bites you but does no damage.
The dart slug bites you but does no damage.
You barely miss something. You block the rat's attack.
Something hits you but does no damage. The dart slug bites you.
* * * LOW HITPOINT WARNING * * *
The dart slug barely misses you. The rat barely misses you.
The dart slug launches a dart at you. You block the slug dart.
You closely miss something. You block something's attack.
The rat bites you but does no damage. The dart slug launches a dart at you.
You block the slug dart.
The dart slug bites you but does no damage.
You closely miss something. The rat bites you but does no damage.
Something completely misses you. The dart slug launches a dart at you.
The slug dart misses you. The rat closely misses you.
You riposte.
You barely miss the rat. The dart slug launches a dart at you.
The slug dart hits you.
You die...

#.# ##### #.#
.....########.##########
........................
.....#...####.##..#####.
... #...# #.##..#...#.
... #...# #.##..#.#.#.
.....#ww.####.##..#.#.#.
.......@r...............
......{.................
###...............#.#...
#.........#.###.#.#..<
#.......##.#.. #.......
#.......# .# #.#.....
#..$....# # ########
......... ...... ######


You could see 2 dart slugs and a rat.

Vanquished Creatures
  An adder (D:2)
  An endoplasm (D:1)
  A giant cockroach (D:1)
  A goblin (D:1)
  3 hobgoblins
  A quokka (D:1)
  2 ball pythons (D:1)
  2 bats (D:1)
  2 frilled lizards (D:1)
  2 kobolds
  A rat (D:2)
17 creatures vanquished.

Notes
Turn   | Place    | Note
-------+----------+-------------------------------------------
     0 | D:1      | alasdair19 the Minotaur Fighter began the quest for the
                  | Orb.
     0 | D:1      | Reached XP level 1. HP: 19/19 MP: 0/0
   153 | D:1      | Reached XP level 2. HP: 27/27 MP: 1/1
  1052 | D:2      | Noticed Sigmund
  1064 | D:2      | Killed from afar by a dart slug

Illustrated notes

Levels and vault maps discovered:
D:1:      minmay_arrival_up_and_down, layout_loops_ring
D:2:      layout_basic, basic_ecumenical_altar, minmay_crystal_room,
          uniq_sigmund

Skill      XL: |  1  2 |
---------------+-------+-----
Armour         | 4 |  4.2
Fighting       | 4 |  4.0
Shields        | 4 |  4.0
Long Blades    | |  2.7

Action                   || total
-------------------------++-------
Melee: Long sword        ||    46
       Headbutt          ||     3
  Use: Scroll            ||     2
Armor: Scale mail        ||    30
Dodge: Dodged            ||    21
Block: Kite shield       ||    37
       Rpst.: Long sword ||     5
